AoeStats
← Sax

Arabia

509668803Analyzed
1v1 RM · 5d ago on Sep 27, 2026· 58m 58s· 2 players
Game mode
Random Map
Map size
Tiny (2 player)
Population
200
Speed
Normal
Resources
Standard
Victory
Conquest
Starting age
Dark Age
Ending age
Imperial Age
RankedLock teamsTeams togetherTeam positionsShared explorationLock speedFull tech treeHidden civsTurbo modeCheats
Victory
Defeat
🇵🇪 Poles · Peru
1073
+17
🇷🇺 Britons · Russia
1093
-44
benja.aviles.209
8:15 Loom
10:50 Feudal Age
10:57 Man-at-Arms
19:54 Castle Age
19:13 Bloodlines
20:17 Forging
21:38 Scale Barding Armor
23:41 Scale Mail Armor
28:10 Iron Casting
27:41 Double-Bit Axe
28:03 Town Watch
28:15 Crossbowman
29:40 Fletching
30:37 Horse Collar
31:34 Wheelbarrow
30:54 Gold Mining
34:05 Bodkin Arrow
41:27 Imperial Age
40:22 Ballistics
42:23 Chain Mail Armor
42:29 Chain Barding Armor
42:10 Bracer
41:53 Arbalester
42:39 Thumb Ring
43:53 Light Cavalry
44:33 Husbandry
46:31 Chemistry
46:57 Heavy Plow
47:15 Hand Cart
47:00 Town Patrol
49:05 Winged Hussar
50:39 Plate Mail Armor
50:10 Padded Archer Armor
50:22 Stone Mining
54:29 Blast Furnace
53:45 Leather Archer Armor
Sax
9:34 Feudal Age
7:51 Loom
13:54 Double-Bit Axe
30:22 Horse Collar
31:44 Forging
31:38 Scale Mail Armor
34:58 Castle Age
36:28 Pikeman
37:43 Padded Archer Armor
37:58 Chain Mail Armor
42:48 Leather Archer Armor
41:55 Elite Skirmisher
45:53 Fletching
46:35 Bodkin Arrow
47:16 Iron Casting
55:25 Gold Mining
55:26 Stone Mining
60:33 Imperial Age
Connection lost

Rejoining the realm…

Still unreachable

The connection could not be restored.

Session expired

The server has moved on; the page needs a fresh start.